 Dungeon Crawl Stone Soup version 0.29-a0-613-gf2c431b9b9 (webtiles) character file.

Game seed: 13273988657127265513

320406 jifgo the Sorcerer (level 20, -14/180 HPs)
             Began as a Mummy Hedge Wizard on June 15, 2022.
             Was a High Priest of Ashenzari.
             Killed from afar by an ironbound thunderhulk (39 damage)
             ... with a bolt of lightning
             ... led by a vault warden
             ... on level 4 of the Vaults on June 17, 2022.
             The game lasted 05:30:03 (72673 turns).

jifgo the Sorcerer (Mummy Hedge Wizard)            Turns: 72673, Time: 05:30:04

Health: -14/180    AC: 11    Str: 17    XL:     20   Next: 62%
Magic:  24/59      EV: 16    Int: 20    God:    Ashenzari [*****.]
Gold:   1259       SH: 22    Dex: 16    Spells: 6/72 levels left

rFire   + . .      SeeInvis +   b - +2 dagger of Ashenzari's Autotheism {flame, Fort, Evo} (curse)
rCold   + + +      Faith    .   d - +2 kite shield of the Tethered Fetters {Range, Elem} (curse)
rNeg    + + +      Spirit   .   n - +2 robe "Share My Anarchy" {rC+ rF+, Evo, Bglg} (curse)
rPois   ∞          Reflect  +   J - +1 helmet "Oracle of Ashenzari" {rC+ rCorr Str+3, Alch, Fort} (curse)
rElec   .          Harm     .   g - scarf of Supernal Understanding {shadows, Comp, Elem} (curse)
rCorr   +          Rampage  .   x - +1 pair of gloves "Cursed With Me" {Self, Melee} (curse)
Will    ++...      Clarity  +   u - +0 pair of boots of the Bound Sun {Self, Cun} (curse)
Stlth   ++........              L - amulet "Wolumnuck" {Reflect +Blink rC+ SH+5}
HPRegen 0.40/turn               o - ring of Ouranomancy {MP+9, Self, Elem} (curse)
MPRegen 0.36/turn               T - ring of Ashenzari's Moon {rF+ rCorr Dex+3 SInv, Fort, Self} (curse)

@: about to teleport, on blink cooldown
A: cold resistance 1, negative energy resistance 3, torment resistance 2, heat
vulnerability 1, in touch with death 2, no potions
}: 2/15 runes: decaying, serpentine
a: Renounce Religion, Evoke Blink, Shatter the Chains


You were on level 4 of the Vaults.
You worshipped Ashenzari.
Ashenzari was extremely pleased with you.
You visited 7 branches of the dungeon, and saw 36 of its levels.
You also visited: Gauntlet and Desolation.

You collected 5620 gold pieces.
You spent 4361 gold pieces at shops.

Inventory:

Hand Weapons
 b - the cursed +2 dagger of Ashenzari's Autotheism (weapon) {flame, Fort, Evo}
   (You took it off an orc wizard on level 8 of the Dungeon)

   It burns those it strikes, dealing additional fire damage.
   It has a curse which improves the following skills: Fortitude: Armour and
   Shields.
   Evocations: Evocations.
 h - the +9 hunting sling "Tyfyxkoy" {flame, rF+ Will+ Dex+2}
   (You found it in the Desolation of Salt)

   Any ammunition fired from it burns those it strikes, dealing additional fire
   damage.
   Dex:       It affects your dexterity (+2).
   rF:        It protects you from fire.
   Will:      It increases your willpower.
Armour
 d - the cursed +2 kite shield of the Tethered Fetters (worn) {Range, Elem}
   (You found it on level 13 of the Dungeon)

   It has a curse which improves the following skills: Ranged Combat: Slings,
   Bows, Crossbows and Throwing.
   Elements:  Fire Magic, Ice Magic, Air Magic and Earth Magic.
 g - the cursed scarf of Supernal Understanding (worn) {shadows, Comp, Elem}
   (You found it in a Gauntlet)

   It has a curse which improves the following skills: Companions: Summonings
   and Necromancy.
   Elements:  Fire Magic, Ice Magic, Air Magic and Earth Magic.
 n - the cursed +2 robe "Share My Anarchy" (worn) {rC+ rF+, Evo, Bglg}
   (You took it off Pikel on level 8 of the Dungeon)

   It has a curse which improves the following skills: Evocations: Evocations.
   Beguiling: Conjurations, Hexes and Translocations.
 u - the cursed +0 pair of boots of the Bound Sun (worn) {Self, Cun}
   (You found it on level 4 of the Dungeon)

   It has a curse which improves the following skills: Introspection: Fighting
   and Spellcasting.
   Cunning:   Dodging and Stealth.
 x - the cursed +1 pair of gloves "Cursed With Me" (worn) {Self, Melee}
   (You found it on level 14 of the Dungeon)

   It has a curse which improves the following skills: Introspection: Fighting
   and Spellcasting.
   Melee Combat: Short Blades, Long Blades, Axes, Maces & Flails, Polearms,
   Staves and Unarmed Combat.
 J - the cursed +1 helmet "Oracle of Ashenzari" (worn) {rC+ rCorr Str+3, Alch, Fort}
   (You found it on level 4 of the Lair of Beasts)

   Str:       It affects your strength (+3).
   rC:        It protects you from cold.
   rCorr:     It protects you from acid and corrosion.
   It has a curse which improves the following skills: Alchemy: Poison Magic and
   Transmutations.
   Fortitude: Armour and Shields.
Jewellery
 i - the ring "Gaculien" {Fly rN+ Dex+6}
   (You found it in the Desolation of Salt)

   [ring of dexterity]

   Dex:       It affects your dexterity (+6).
   rN:        It protects you from negative energy.
   Fly:       It grants you flight.
 l - the ring of Toiwazue {*Slow rC+ Int+5 Slay+4}
   (You found it in a Gauntlet)

   [ring of slaying]

   Int:       It affects your intelligence (+5).
   Slay:      It affects your accuracy & damage with ranged weapons and melee
   (+4).
   rC:        It protects you from cold.
   *Slow:     It may slow you when you take damage.
 o - the cursed ring of Ouranomancy (left hand) {MP+9, Self, Elem}
   (You found it on level 2 of the Dungeon)

   [ring of magical power]

   MP:        It affects your magic capacity (+9).
   It has a curse which improves the following skills: Introspection: Fighting
   and Spellcasting.
   Elements:  Fire Magic, Ice Magic, Air Magic and Earth Magic.
 r - the ring of Lucidity {rElec rPois rC- MP+9}
   (You found it in the Desolation of Salt)

   [ring of magical power]

   rC:        It makes you vulnerable to cold.
   rElec:     It insulates you from electricity.
   rPois:     It protects you from poison.
   MP:        It affects your magic capacity (+9).
 L - the amulet "Wolumnuck" (around neck) {Reflect +Blink rC+ SH+5}
   (You took it off a servant of whispers in the Desolation of Salt)

   [amulet of reflection]

   It reflects blocked missile attacks.
   rC:        It protects you from cold.
   +Blink:    It lets you blink.
   SH:        It affects your SH (+5).
 T - the cursed ring of Ashenzari's Moon (right hand) {rF+ rCorr Dex+3 SInv, Fort, Self}
   (You bought it in a shop on level 3 of the Snake Pit)

   [ring of resist corrosion]

   Dex:       It affects your dexterity (+3).
   rF:        It protects you from fire.
   SInv:      It lets you see invisible.
   rCorr:     It protects you from acid and corrosion.
   It has a curse which improves the following skills: Fortitude: Armour and
   Shields.
   Introspection: Fighting and Spellcasting.
 W - a ring of protection from fire
 Y - a +6 ring of intelligence
Wands
 a - a wand of iceblast (10)
 k - a wand of polymorph (3)
 w - a wand of charming (14)
 B - a wand of mindburst (9)
 C - a wand of digging (13)
 F - a wand of acid (5)
 O - a wand of flame (41)
Scrolls
 e - 7 scrolls of enchant armour
 m - 7 scrolls of fog
 p - 18 scrolls of teleportation
 q - 5 scrolls of silence
 t - 9 scrolls of enchant weapon
 y - 2 scrolls of torment
 z - 4 scrolls of immolation
 A - a scroll of magic mapping
 E - a scroll of brand weapon
 H - 13 scrolls of fear
 I - 4 scrolls of poison
 K - 4 scrolls of amnesia
 P - 2 scrolls of summoning
 R - 3 scrolls of vulnerability
 U - 5 scrolls of blinking
Miscellaneous
 j - a lightning rod (1/4)
 s - a condenser vane (inert)
 G - a phial of floods (inert)
 Q - a piece from Xom's chessboard (15/15)


   Skills:
 - Level 16.1(21.5) Fighting
 - Level 5.1(9.4) Armour
 - Level 6.5(8.9) Dodging
 - Level 1.5(3.1) Stealth
 + Level 13.7(18.2) Shields
 + Level 21.8(26.8) Spellcasting
 - Level 10.3(12.6) Conjurations
 - Level 5.1(7.3) Summonings
 - Level 2.9(4.9) Necromancy
 - Level 3.7(5.8) Translocations
 - Level 4.7(6.9) Transmutations
 + Level 14.0(18.4) Ice Magic
 - Level 3.6(7.5) Air Magic
 - Level 5.6(7.9) Poison Magic
 - Level 2.0(4.5) Evocations


You had 6 spell levels left.
You knew the following spells:

 Your Spells              Type           Power      Damage    Failure   Level
a - Iskenderun's Mystic   Conj/Tloc      59%        2d12      1%          4
b - Blink                 Tloc           100%       N/A       1%          2
c - Call Imp              Summ           54%        N/A       1%          2
d - Mephitic Cloud        Conj/Pois/Air  59%        N/A       1%          3
e - Freezing Cloud        Conj/Ice/Air   34%        6-21      1%          5
f - Orb of Destruction    Conj           33%        9d10      9%          7
g - Summon Forest         Summ/Tloc      26%        N/A       3%          5
h - Eringya's Noxious Bo  Tmut/Pois      27%        N/A       14%         6
i - Spellforged Servitor  Conj/Summ      30%        N/A       26%         7
j - Simulacrum            Ice/Necr       52%        N/A       2%          6
k - Passwall              Tmut/Erth      35%        N/A       1%          2
l - Swiftness             Air            54%        N/A       1%          3
m - Polar Vortex          Ice            39%        N/A       67%         9
p - Passage of Golubria   Tloc           50%        N/A       1%          4
x - Magic Dart            Conj           100%       1d8       0%          1

Your spell library contained the following spells:

 Spells                   Type           Power      Damage    Failure   Level
 Freeze                   Ice            100%       1d11      0%          1
 Ozocubu's Armour         Ice            79%        N/A       0%          3
 Foxfire                  Conj/Fire      100%       2x1d9     1%          1
 Necrotize                Necr           100%       1d9       1%          1
 Sandblast                Erth           58%        2d13      1%          1
 Shock                    Conj/Air       100%       1d9       1%          1
 Slow                     Hex            100%       N/A       1%          1
 Sting                    Tmut/Pois      100%       1d8       1%          1
 Summon Small Mammal      Summ           100%       N/A       1%          1
 Ensorcelled Hibernation  Hex/Ice        100%       N/A       1%          2
 Poisonous Vapours        Pois/Air       100%       N/A       1%          2
 Call Canine Familiar     Summ           54%        N/A       1%          3
 Conjure Flame            Conj/Fire      52%        6-21      1%          3
 Dazzling Flash           Conj/Hex       100%       N/A       1%          3
 Ignite Poison            Fire/Tmut/Pois 47%        N/A       1%          3
 Lesser Beckoning         Tloc           50%        N/A       1%          3
 Portal Projectile        Hex/Tloc       78%        N/A       1%          3
 Stone Arrow              Conj/Erth      100%       3d13      1%          3
 Summon Guardian Golem    Hex/Summ       42%        N/A       1%          3
 Vampiric Draining        Necr           81%        2d11      1%          3
 Flame Wave               Conj/Fire      52%        2d11      1%          4
 Olgreb's Toxic Radiance  Pois           55%        N/A       1%          4
 Metabolic Englaciation   Hex/Ice        29%        N/A       1%          5
 Alistair's Intoxication  Tmut/Pois      36%        N/A       2%          5
 Animate Armour           Summ/Erth      84%        N/A       3%          4
 Petrify                  Tmut/Erth      42%        N/A       3%          4
 Confusing Touch          Hex            28%        N/A       4%          3
 Inner Flame              Hex/Fire       28%        N/A       4%          3
 Manifold Assault         Tloc           50%        N/A       4%          5
 Agony                    Necr           81%        N/A       7%          5
 Silence                  Hex/Air        21%        N/A       11%         5
 Yara's Violent Unravell  Hex/Tmut       20%        3d9       12%         5
 Leda's Liquefaction      Hex/Erth       14%        N/A       16%         4
 Borgnjor's Vile Clutch   Necr/Erth      35%        N/A       17%         5
 Starburst                Conj/Fire      26%        6d8       19%         6
 Summon Hydra             Summ           27%        N/A       58%         7
 Enfeeble                 Hex            14%        N/A       100%        7
 Lehudib's Crystal Spear  Conj/Erth      26%        10d7      100%        8
 Statue Form              Tmut/Erth      Unusable   N/A       N/A         6

Dungeon Overview and Level Annotations

Branches:
Dungeon (15/15)            Temple (1/1) D:4            Lair (6/6) D:9
  Swamp (4/4) Lair:4        Snake (4/4) Lair:3        Slime (0/5) Lair:6
    Orc (2/2) D:12            Elf (0/3) Orc:2        Vaults (4/5) D:13
  Crypt (0/3) Vaults:3     Depths (0/4) D:15        Desolation (visited)
Gauntlet (visited)

Altars:
Ashenzari
Cheibriados
Dithmenos
Elyvilon
Fedhas
Gozag
Hepliaklqana
Kikubaaqudgha
Makhleb
Nemelex Xobeh
Okawaru
Qazlal
Ru
Sif Muna
Trog
Uskayaw
Vehumet
Wu Jian
Xom
Yredelemnul
Zin
The Shining One
Beogh

Shops:
D:6 *(!   D:9 :   D:13 ?   D:14 **?   Orc:2 (:([   Snake:3 =:=   Vaults:3 (

Portals:
Abyss: Lair:3

Annotations:
D:8 Gastronok
Lair:3 2 transporters, Oggein's ghost, journeyman MyBe
Swamp:4 1 runed translucent door, RepHenryClay's ghost, adept MeGl
Snake:2 3 runed translucent doors, Maeg's ghost, adept TrMo; zeratav's ghost, adept KoMo


Innate Abilities, Weirdness & Mutations

You are immune to poison.
Your flesh is cold resistant. (rC+)
You are immune to negative energy. (rN+++)
You are immune to unholy pain and torment.
You are vulnerable to heat. (rF-)
You are strongly in touch with the powers of death.
You do not drink.


Message History

You block the deep troll's attack.
The yaktaur is engulfed in noxious fumes.
The yaktaur wields a +0 arbalest.
The yaktaur shoots a bolt.
The bolt hits you!
* * * LOW HITPOINT WARNING * * *
The vault warden hits you with a +0 war axe!!!
* * * LOW HITPOINT WARNING * * *
The yaktaur is engulfed in noxious fumes.
The yaktaur appears confused.
Your deep troll simulacrum bites the vault warden!
Your deep troll simulacrum freezes the vault warden!!
Your deep troll simulacrum claws the vault warden but does no damage. x2
The vault warden is engulfed in freezing vapours.
The vault warden hits your deep troll simulacrum with a +0 great sword!!
Your deep troll simulacrum vaporises!
The ironbound thunderhulk is engulfed in noxious fumes.
The vault warden shouts!
Unknown command.
Unknown command.
Unknown command.
Unknown command.
Unknown command.
Unknown command.
The deep troll attacks as you move away!
The deep troll bites you!!
* * * LOW HITPOINT WARNING * * *
You block the deep troll's attack. x2
The deep troll is engulfed in noxious fumes. x2
The deep troll appears confused.
The vault warden blocks the deep troll's attack.
The deep troll claws the vault warden but does no damage.
The deep troll claws the vault warden!
The yaktaur is engulfed in noxious fumes.
The yaktaur appears confused.
The vault warden activates a sealing rune.
A door slams shut!
Something unseen opens the door.
The vault warden is engulfed in freezing vapours.
The ironbound thunderhulk is engulfed in noxious fumes.
Electricity crackles from the ironbound thunderhulk's apparatus.
The bolt of lightning hits you!!!
You die...

*,,,,* *,,,,* *,,,,
*,,,,* *,,,,* *,,,,
*,,,,* *,,,,* *,,,,
*,,,,######### *,,,,*
*,,,, **
#....#.......# *,,,,*
*,,,, ,*
#....#.....#.##*,,,,*
*,,,, ,*
#....#..#....##*,,,,*
*,,,, ,*
#....#..##...##*,,,,*
*,,,, ,*
#..Z.T.§#..@.##*,,,,*
*,,,, {*
#...{#§§cT.#.##*,,,,*
*,,,, ,*
#..T○Z§pTp...##*,,,,*
*,,,, {*
##..pp#..☼Oc..##*,,,,*
*,,,, ,*
##..§Z#.......# *,,,,*
*,,,, ,*
##....#.......# *,,,,*
*,,,, ,*
##....#..c.#..#
*,,,,******+* ,*
##)...#.#.##..#
*,,,,*{,,,,,,
****##....#....*,,*
*....#,,,{,,,


You could see 2 vault wardens, an ironbound thunderhulk, 2 deep trolls, 3
yaktaurs and a friendly deep troll simulacrum.

Vanquished Creatures
  Bai Suzhen (Snake:4)
  A tengu reaver (Vaults:2)
  Louise (Snake:3)
  5 vault wardens
  An iron dragon (Vaults:3)
  Aizul (Snake:4)
  An imperial myrmidon (Desolation)
  4 orc warlords
  5 ironbound preservers
  2 very ugly things
  3 ironbound thunderhulks
  A bunyip (Swamp:3)
  5 dire elephants
  A minotaur (Gauntlet)
  2 halazid warlocks (Desolation)
  Snorg (Lair:5)
  A crystal guardian (Desolation)
  An ettin (Vaults:1)
  6 yaktaur captains
  2 ragged hierophants (Desolation)
  4 great orbs of eyes
  Josephine (D:12)
  4 boulder beetles
  2 servants of whispers (Desolation)
  A rakshasa (D:15)
  2 vault guards
  8 hydras
  3 salamander tyrants
  2 peacekeepers (Desolation)
  2 ghost crabs (Swamp:1)
  Erica (D:8)
  Erolcha (Orc:2)
  8 anacondas
  7 two-headed ogres
  An ironbound frostheart (Vaults:4)
  15 centaur warriors
  7 naga warriors
  3 alligators
  2 tengu warriors
  4 orc high priests (Orc:2)
  4 shock serpents
  A spriggan berserker (Swamp:4)
  7 naga sharpshooters
  A spriggan (Swamp:1)
  Nergalle (Lair:4)
  6 goliath frogs
  3 sea snakes (Snake:4)
  2 salamander mystics
  A fire crab (D:15)
  3 nameless horrors
  3 spriggan druids
  3 swamp dragons
  A death drake (Swamp:3)
  A naga ritualist (Snake:4)
  A steelbarb worm (shapeshifter) (Vaults:3)
  17 deep trolls
  A harpy (Vaults:2)
  7 bog bodies
  5 wizards
  6 lindwurms
  4 goliath frog zombies (Swamp:3)
  A spectral hydra (Swamp:3)
  The ghost of attentat the Basher, a novice MiFi of Gozag (D:6)
  8 orc knights
  4 deep elf pyromancers
  6 ironbound convokers
  Pikel (D:8)
  2 mana vipers (Snake:4)
  3 phantasmal warriors
  A necromancer (Swamp:3)
  8 orc sorcerers
  3 cyclopes
  2 will-o-the-wisps
  13 elephants
  6 salamanders
  An oklob plant (Lair:4)
  8 ugly things
  4 guardian serpents
  18 black mambas
  7 vault sentinels
  4 naga magi
  2 gargoyles
  3 unseen horrors
  6 komodo dragons
  17 yaktaurs
  20 cane toads
  3 swamp worm zombies (Swamp:3)
  A freezing wraith (D:13)
  A rime drake (shapeshifter) (D:14)
  7 rime drakes
  2 efreet
  2 tengu conjurers (D:15)
  3 meliai (D:13)
  7 trolls
  A bloated husk (Swamp:3)
  3 polar bears
  The ghost of marklar909 the Skirmisher, an amateur PaAK of Lugonu (D:4)
  Prince Ribbit (Lair:1)
  22 saltlings (Desolation)
  A hornet (Swamp:1)
  Grinder (D:4)
  44 blink frogs
  7 tyrant leeches
  A raiju (Gauntlet)
  15 slime creatures
  5 spectral swamp dragons (Swamp:3)
  A large abomination (Swamp:3)
  2 alligator zombies (Swamp:3)
  7 wyverns
  A spriggan (shapeshifter) (D:14)
  A shadow (D:9)
  42 yaks
  A vampire (D:13)
  6 basilisks
  2 tyrant leech zombies (Swamp:3)
  5 wraiths
  Grum (Lair:1)
  10 humans (D:13)
  A steam dragon (Gauntlet)
  7 swamp worms
  7 wargs
  5 vampire mosquitoes (Lair:6)
  19 nagas
  An acid dragon (D:10)
  10 water moccasins
  28 orc warriors
  2 sky beasts
  8 black bears
  11 centaurs
  8 boggarts
  3 ogres
  23 wolves
  A centaur (shapeshifter) (D:13)
  2 phantoms (D:5)
  A lemure (D:8)
  2 scorpions
  18 bullfrogs
  A gnoll sergeant (Orc:1)
  An earth elemental (Swamp:1)
  4 wights (D:9)
  2 troll zombies (Swamp:3)
  A spriggan zombie (Swamp:3)
  3 killer bees
  A howler monkey (D:13)
  10 electric eels
  6 lava snakes
  3 hounds
  2 jellies (Lair:6)
  15 orc priests
  An iguana (D:5)
  2 gnoll shamans
  Natasha (thrice) (D:4)
  24 orc wizards
  3 adders
  13 gnolls
  6 shadow imps
  6 white imps
  3 ufetubi
  2 dart slugs (D:1)
  55 orcs
  6 bats
  13 endoplasms
  A giant cockroach (D:3)
  5 hobgoblins
  4 jackals (D:1)
  10 kobolds
  2 quokkas
  3 ball pythons
  3 frilled lizards (D:1)
  4 goblins
  A rat (D:1)
  2 fire vortices
  6 snaplasher vines
941 creatures vanquished.

Vanquished Creatures (collateral kills)
  Saint Roka (Snake:4)
  Nikola (Vaults:1)
  4 tentacled monstrosities
  Asterion (Vaults:1)
  2 quicksilver dragons (Snake:4)
  An ancient champion (Vaults:3)
  2 nagarajas (Snake:4)
  A revenant (Vaults:3)
  Roxanne (Snake:3)
  4 vault wardens
  2 orc warlords
  An ironbound thunderhulk (Vaults:1)
  2 very ugly things
  8 ironbound preservers
  2 entropy weavers (Vaults:3)
  7 dire elephants
  An eleionoma (Swamp:2)
  6 bunyips
  A halazid warlock (Desolation)
  An ettin (Vaults:3)
  A crystal guardian (Desolation)
  4 yaktaur captains
  A ragged hierophant (Desolation)
  11 hydras
  2 salamander tyrants (Snake:4)
  A shambling mangrove (Swamp:4)
  3 great orbs of eyes
  2 ghost crabs (Swamp:4)
  2 spriggan air magi
  2 boulder beetles
  4 servants of whispers (Desolation)
  2 anacondas (Snake:4)
  2 peacekeepers
  5 ironbound frosthearts
  7 alligators
  8 centaur warriors (Vaults:2)
  4 naga warriors
  9 naga sharpshooters
  A spriggan berserker (Swamp:4)
  A vampire mage (Vaults:3)
  A shock serpent (Snake:3)
  3 goliath frogs
  20 deep trolls
  2 naga ritualists (Snake:4)
  A spriggan druid (Swamp:4)
  3 sea snakes (Snake:4)
  3 lindwurms
  5 bog bodies
  7 ironbound convokers
  A wizard (Vaults:3)
  8 swamp dragons
  2 orc knights (Vaults:1)
  4 phantasmal warriors
  A mana viper (Snake:4)
  4 harpies (Vaults:2)
  A goliath frog zombie (Swamp:3)
  2 orc sorcerers (Orc:2)
  10 ugly things
  15 slime creatures
  5 will-o-the-wisps
  4 salamanders (Snake:3)
  5 guardian serpents
  5 vault sentinels
  A molten gargoyle (Desolation)
  7 naga magi
  A minotaur zombie (Gauntlet)
  6 black mambas (Snake:4)
  A cane toad (D:9)
  24 yaktaurs
  A komodo dragon (Lair:1)
  2 spectral nagas (Snake:1)
  A troll (Orc:1)
  A bloated husk (Swamp:1)
  5 tyrant leeches
  5 hornets
  14 saltlings (Desolation)
  4 blink frogs
  An alligator zombie (Swamp:3)
  A yak (D:9)
  2 wraiths (D:12)
  2 tyrant leech zombies (Swamp:3)
  7 vampire mosquitoes (Swamp:1)
  3 wargs
  8 swamp worms
  6 nagas
  A water moccasin (Lair:1)
  A floating eye (shapeshifter) (D:15)
  6 orc warriors
  7 swamp drakes
  3 black bears
  A boggart (Vaults:2)
  2 wolves (D:9)
  A centaur (D:15)
  A lemure (D:8)
  A kobold brigand (D:7)
  A bullfrog (Lair:1)
  2 scorpions
  A spriggan zombie (Swamp:3)
  A crimson imp (D:4)
  4 orc priests
  An iguana (D:5)
  Jessica (D:1)
  2 orc wizards
  An adder (D:4)
  4 gnolls
  2 worms
  19 orcs
  An endoplasm (D:2)
  3 kobolds
  A plant (Snake:4)
404 creatures vanquished.

Vanquished Creatures (others)
  A shambling mangrove (Swamp:2)
  A peacekeeper (Desolation)
  An alligator (Swamp:3)
  A cane toad (D:9)
  4 bloated husks
  A human (D:13)
  5 bushes (D:9)
  19 foxfires
  42 fungi
  140 plants
  14 snaplasher vines
  12 withered plants
241 creatures vanquished.

Grand Total: 1586 creatures vanquished

Notes
Turn   | Place    | Note
-------+----------+-------------------------------------------
     0 | D:1      | jifgo the Mummy Hedge Wizard began the quest for the Orb.
     0 | D:1      | Reached XP level 1. HP: 13/13 MP: 5/5
   161 | D:1      | Reached skill level 1 in Conjurations
   276 | D:1      | Reached XP level 2. HP: 20/20 MP: 4/7
   532 | D:1      | Reached skill level 1 in Fighting
  1265 | D:1      | Gained mutation: You are in touch with the powers of death.
                  | [Mummy growth]
  1265 | D:1      | Reached XP level 3. HP: 26/26 MP: 0/9
  1344 | D:1      | Found a faded altar of an unknown god.
  1444 | D:1      | Learned a level 2 spell: Blink
  1447 | D:1      | Learned a level 2 spell: Call Imp
  1687 | D:2      | Noticed Jessica
  1706 | D:1      | Killed Jessica
  2001 | D:2      | Reached XP level 4. HP: 33/33 MP: 6/10
  2697 | D:3      | Learned a level 3 spell: Mephitic Cloud
  3068 | D:3      | Reached skill level 5 in Spellcasting
  3400 | D:3      | Reached XP level 5. HP: 39/39 MP: 11/12
  3903 | D:4      | Noticed Natasha
  3925 | D:4      | Killed Natasha
  3926 | D:4      | Reached skill level 1 in Air Magic
  3926 | D:4      | Reached skill level 1 in Poison Magic
  4080 | D:4      | Found a bloodstained altar of Trog.
  4104 | D:4      | Found a staircase to the Ecumenical Temple.
  4113 | Temple   | Entered the Ecumenical Temple
  4290 | D:4      | Found a runed translucent door.
  4293 | D:4      | Noticed marklar909's ghost (amateur PaAK)
  4434 | D:4      | Found a shimmering altar of Xom.
  4434 | D:4      | Found a burning altar of Makhleb.
  4748 | D:4      | Reached XP level 6. HP: 46/46 MP: 14/14
  4783 | D:4      | Noticed Grinder
  5042 | D:4      | Found an iron altar of Okawaru.
  5122 | D:5      | Entered Level 5 of the Dungeon
  5159 | D:5      | Noticed a two-headed ogre
  5744 | D:4      | Noticed Natasha
  5906 | D:4      | Killed Natasha
  5909 | D:4      | Noticed Natasha
  5990 | D:4      | Killed Natasha
  6284 | D:4      | Killed Grinder
  6285 | D:4      | Reached skill level 6 in Spellcasting
  6285 | D:4      | Reached XP level 7. HP: 31/52 MP: 0/16
  6867 | D:5      | Found a broken altar of Ashenzari.
  6875 | D:5      | Became a worshipper of Ashenzari the Shackled
  7643 | D:5      | Killed a two-headed ogre
  7644 | D:5      | Reached skill level 5 in Fighting
  7644 | D:5      | Reached skill level 7 in Spellcasting
  7644 | D:5      | Reached XP level 8. HP: 63/63 MP: 16/19
  7785 | D:5      | Reached skill level 8 in Spellcasting
  8062 | D:6      | Found Evoirhint's Assorted Antiques.
  8065 | D:6      | Bought a scroll labelled YCOQEU SENOMEIS for 17 gold pieces
  8065 | D:6      | Bought a scroll labelled UFOAPP KYMOSI for 17 gold pieces
  8065 | D:6      | Bought a scroll labelled RATOAF NADUT for 17 gold pieces
  8065 | D:6      | Bought a scroll labelled SOADDAS ITAEPO for 17 gold pieces
  8065 | D:6      | Bought a scroll labelled YCOQEU SENOMEIS for 17 gold pieces
  8066 | D:6      | Found Niocloy's Weapon Shoppe.
  8306 | D:6      | Found Kuhiloss's Distillery.
  8344 | D:5      | Reached skill level 5 in Conjurations
  8920 | D:6      | Found a runed translucent gate.
  8921 | D:6      | Found a runed translucent gate.
  8923 | D:6      | Found a runed translucent gate.
  8924 | D:6      | Noticed attentat's ghost (novice MiFi)
  8980 | D:6      | Found a shimmering blue altar of Sif Muna.
  9161 | D:7      | Reached XP level 9. HP: 54/69 MP: 21/21
  9256 | D:7      | Found Atoheef's Distillery.
  9315 | D:7      | Found a hazy altar of Hepliaklqana.
  9694 | D:7      | Reached skill level 9 in Spellcasting
 10388 | D:6      | Got Sif Muna's Compendium of the Unseen Realm
 10390 | D:6      | Got Sif Muna's Handbook of the Birds
 10849 | D:8      | Reached skill level 1 in Shields
 11012 | D:8      | Noticed a gargoyle
 11322 | D:8      | Noticed Erica
 11333 | D:8      | Noticed Gastronok
 12480 | D:8      | Killed Erica
 12863 | D:8      | Noticed Pikel
 12918 | D:8      | Killed Pikel
 13642 | D:9      | Noticed a troll
 13695 | D:9      | Found Isur's Book Shoppe.
 13802 | D:9      | Reached XP level 10. HP: 65/80 MP: 22/24
 13826 | D:9      | Reached skill level 10 in Spellcasting
 14546 | D:9      | Reached skill level 1 in Ice Magic
 15687 | D:9      | Found a shadowy altar of Dithmenos.
 16223 | D:9      | Found a staircase to the Lair.
 16330 | Lair:1   | Entered Level 1 of the Lair of Beasts
 16462 | D:10     | Entered Level 10 of the Dungeon
 16477 | D:10     | Reached * piety under Ashenzari
 16860 | D:10     | Noticed a two-headed ogre
 17280 | D:9      | Reached skill level 1 in Armour
 17280 | D:9      | Reached skill level 1 in Evocations
 17649 | Lair:1   | Noticed a cane toad
 17664 | D:9      | Reached XP level 11. HP: 66/89 MP: 23/26
 18167 | D:9      | Learned a level 4 spell: Iskenderun's Mystic Blast
 18401 | D:9      | Reached skill level 11 in Spellcasting
 19498 | Lair:1   | Noticed Prince Ribbit
 19521 | Lair:1   | Killed Prince Ribbit
 19586 | Lair:1   | Identified Sif Muna's Volume of Combat Magic (You found it
                  | on level 6 of the Dungeon)
 19638 | D:9      | Bought a book of Ice for 506 gold pieces
 19645 | D:9      | Learned a level 5 spell: Freezing Cloud
 20055 | Lair:1   | Reached ** piety under Ashenzari
 20430 | Lair:1   | Noticed Grum
 20442 | Lair:1   | Killed Grum
 20443 | Lair:1   | Reached skill level 5 in Shields
 21422 | Lair:2   | Reached XP level 12. HP: 80/98 MP: 11/29
 21912 | Lair:3   | Found a one-way gate to the infinite horrors of the Abyss.
 21917 | Lair:3   | Noticed Oggein's ghost (journeyman MyBe)
 21924 | Lair:3   | Found a transporter.
 22086 | Lair:3   | Reached *** piety under Ashenzari
 22299 | Lair:3   | Found a staircase to the Snake Pit.
 22515 | Lair:3   | Reached skill level 12 in Spellcasting
 22573 | Lair:3   | Reached **** piety under Ashenzari
 22756 | Lair:3   | Noticed a rakshasa
 22874 | Lair:3   | Found a transporter.
 23307 | Lair:4   | Reached skill level 5 in Ice Magic
 23503 | Lair:4   | Noticed Nergalle
 23517 | Lair:4   | Killed Nergalle
 23688 | Lair:4   | Found a staircase to the Swamp.
 24139 | Lair:4   | Reached skill level 10 in Fighting
 24276 | Lair:4   | Noticed a boulder beetle
 24318 | Lair:4   | Killed a boulder beetle
 24449 | Lair:4   | Learned a level 7 spell: Orb of Destruction
 24509 | Lair:4   | Identified the +1 helmet of the Dancing Gods {rC+ rCorr
                  | Str+3}
 25314 | Lair:5   | Gained mutation: You are strongly in touch with the powers
                  | of death. [Mummy growth]
 25314 | Lair:5   | Reached XP level 13. HP: 69/108 MP: 24/31
 25645 | Lair:5   | Reached skill level 5 in Armour
 26085 | Lair:5   | Reached skill level 1 in Summonings
 26444 | Lair:5   | Noticed Snorg
 26453 | Lair:5   | Killed Snorg
 26538 | Lair:5   | Reached skill level 13 in Spellcasting
 26903 | Lair:6   | Entered Level 6 of the Lair of Beasts
 28071 | Lair:6   | Reached skill level 5 in Dodging
 28454 | Lair:6   | Reached ***** piety under Ashenzari
 28644 | Lair:6   | Identified the +4 flail "Dedaazxe" {vorpal, Will+ Str+4}
 28730 | Lair:6   | Reached XP level 14. HP: 94/121 MP: 23/35
 28978 | Lair:6   | Identified a scroll of acquirement
 29043 | Lair:6   | Acquired 911 gold pieces
 29260 | Lair:6   | Reached skill level 1 in Necromancy
 29382 | Lair:6   | Found a staircase to the Slime Pits.
 29940 | D:9      | Bought a Fen Folio for 462 gold pieces
 29948 | D:9      | Learned a level 5 spell: Summon Forest
 30256 | D:10     | Reached skill level 1 in Translocations
 31973 | D:12     | Found a gate leading to a gauntlet.
 31994 | D:12     | Found a staircase to the Orcish Mines.
 32004 | D:12     | Noticed Josephine
 32011 | D:12     | Killed Josephine
 32013 | Gauntlet | Entered a Gauntlet
 32013 | Gauntlet | Found a transporter.
 32013 | Gauntlet | Found a transporter.
 32093 | Gauntlet | Found a transporter.
 32097 | Gauntlet | Found a runed translucent door.
 32099 | Gauntlet | Found a runed translucent door.
 32101 | Gauntlet | Found a transporter.
 32105 | Gauntlet | Found a transporter.
 32113 | Gauntlet | Identified the ring of Toiwazue {*Slow rC+ Int+5 Slay+4}
 32116 | Gauntlet | Found a transporter.
 32128 | Gauntlet | Identified the +1 quarterstaff "Ogreslayer" {antimagic, rC+
                  | Will+ Dex-4}
 32129 | Gauntlet | Found a transporter.
 32143 | Gauntlet | Found a transporter.
 32147 | Gauntlet | Found a transporter.
 32155 | Gauntlet | Found a transporter.
 32159 | Gauntlet | Found a transporter.
 32183 | Gauntlet | Found a transporter.
 32463 | Gauntlet | Reached skill level 14 in Spellcasting
 32628 | Gauntlet | Identified the ring "Iroz" {Dex+2 SInv}
 33009 | D:12     | Identified the +1 scale mail "Ilor" {*Slow rCorr Int+6
                  | SInv}
 33865 | Orc:1    | Entered Level 1 of the Orcish Mines
 34086 | Orc:1    | Noticed an orc warlord
 34086 | Orc:1    | Identified the +4 dagger "Xujut" {drain, +Blink rN+++ Str-5
                  | Stlth+}
 34538 | Orc:1    | Noticed an orc warlord
 34570 | Orc:1    | Killed an orc warlord
 34858 | Orc:1    | Noticed an orc warlord
 36158 | D:13     | Found Tuve's Magic Scroll Shoppe.
 36217 | D:13     | Bought a scroll of fear for 56 gold pieces
 36217 | D:13     | Bought a scroll of magic mapping for 56 gold pieces
 36633 | D:13     | Reached XP level 15. HP: 127/127 MP: 25/36
 36906 | D:13     | Found a gate to the Vaults.
 36955 | D:13     | Identified the +7 rapier of Misery {vorpal, +Blink}
 37578 | D:13     | Identified the +8 glaive "Lonnak" {freeze, Str+5}
 37966 | D:14     | Found Funwucu's General Store.
 37988 | D:14     | Reached skill level 5 in Summonings
 38168 | D:14     | Found Diga's Magic Scroll Shoppe.
 38413 | D:14     | Found Cerionov's Assorted Antiques.
 38724 | D:15     | Entered Level 15 of the Dungeon
 38965 | Orc:1    | Killed an orc warlord
 39161 | Orc:1    | Killed an orc warlord
 40277 | Orc:1    | Learned a level 6 spell: Eringya's Noxious Bog
 40283 | Orc:2    | Entered Level 2 of the Orcish Mines
 40283 | Orc:2    | Noticed Erolcha
 40287 | Orc:2    | Killed Erolcha
 40299 | Orc:2    | Reached skill level 1 in Transmutations
 40632 | Orc:2    | Found a staircase to the Elven Halls.
 40636 | Orc:2    | Noticed an orc warlord
 40643 | Orc:2    | Killed an orc warlord
 41524 | Orc:2    | Found a shimmering altar of Xom.
 42363 | Orc:2    | Found Napluh's Antique Armour Emporium.
 42711 | Orc:2    | Found Tyisaidu's Weapon Emporium.
 42713 | Orc:2    | Found Ibexid's Weapon Shop.
 42713 | Orc:2    | Found Cutid's Book Shop.
 42738 | Orc:2    | Bought a pair of steaming gloves for 275 gold pieces
 42738 | Orc:2    | Identified the +0 pair of gloves of Philately {rF- rCorr
                  | SInv} (You bought it in a shop on level 2 of the Orcish
                  | Mines)
 42984 | Orc:2    | Bought dazzling ice dragon scales for 1885 gold pieces
 42984 | Orc:2    | Identified the +0 ice dragon scales "Zaob Misk" {Drain
                  | rPois rF- rC++ Int+4 Dex+4} (You bought it in a shop on
                  | level 2 of the Orcish Mines)
 43191 | D:15     | Upgraded the game from 0.29-a0-598-gd8304a5bf4 to
                  | 0.29-a0-613-gf2c431b9b9
 43577 | D:15     | Found a staircase to the Depths.
 43893 | Snake:1  | Entered Level 1 of the Snake Pit
 44085 | Snake:1  | Reached skill level 15 in Spellcasting
 44204 | Snake:1  | Learned a level 7 spell: Spellforged Servitor
 44925 | Snake:1  | Learned a level 6 spell: Simulacrum
 46120 | Snake:2  | Found a runed translucent gate.
 46120 | Snake:2  | Found a runed translucent gate.
 46120 | Snake:2  | Found a runed translucent gate.
 46124 | Snake:2  | Noticed Maeg's ghost (adept TrMo)
 46124 | Snake:2  | Noticed zeratav's ghost (adept KoMo)
 46124 | Snake:2  | Identified the +1 chain mail of Kikubaaqudgha, Leaping
                  | {Will+ Dex+7}
 46490 | D:4      | Killed marklar909's ghost
 46623 | D:6      | Killed attentat's ghost
 47236 | Snake:2  | Acquired 988 gold pieces
 47514 | Orc:2    | Bought a book of Burglary for 280 gold pieces
 47518 | Orc:2    | Learned a level 2 spell: Passwall
 47522 | Orc:2    | Learned a level 3 spell: Swiftness
 47839 | Snake:2  | Reached XP level 16. HP: 139/139 MP: 37/39
 49186 | Snake:3  | Reached skill level 5 in Poison Magic
 49215 | Snake:3  | Identified Roxanne's Catalogue of Earth
 49215 | Snake:3  | Noticed Roxanne
 49370 | Snake:3  | Noticed Louise
 49382 | Snake:3  | Killed Louise
 49746 | Snake:3  | Killed Roxanne
 50116 | Snake:3  | Found Zyuts's Jewellery Shoppe.
 50149 | Snake:3  | Found an iron altar of Okawaru.
 50399 | Snake:3  | Found Zang's Jewellery Shoppe.
 50400 | Snake:3  | Found Nusk's Book Boutique.
 50406 | Snake:3  | Bought the ring "Ozocoamu" {rF+ rCorr Dex+3 SInv} for 756
                  | gold pieces
 50495 | Snake:4  | Entered Level 4 of the Snake Pit
 50838 | Snake:4  | Noticed Aizul
 50851 | Snake:4  | Killed Aizul
 50854 | Snake:4  | Noticed Saint Roka
 50863 | Snake:4  | Killed Saint Roka
 51095 | Snake:4  | Reached skill level 10 in Shields
 51182 | Snake:4  | Reached skill level 10 in Conjurations
 51194 | Snake:4  | Reached skill level 16 in Spellcasting
 51620 | Snake:4  | Noticed Bai Suzhen
 51785 | Snake:4  | Killed Bai Suzhen
 52690 | Snake:4  | Reached XP level 17. HP: 127/146 MP: 13/41
 53138 | Snake:4  | Noticed a quicksilver dragon
 53145 | Snake:4  | Killed a quicksilver dragon
 53148 | Snake:4  | Noticed a quicksilver dragon
 53154 | Snake:4  | Killed a quicksilver dragon
 53188 | Snake:4  | Got a serpentine rune of Zot
 53779 | Swamp:1  | Entered Level 1 of the Swamp
 53992 | Swamp:1  | Noticed a tentacled monstrosity
 53996 | Swamp:1  | Killed a tentacled monstrosity
 54082 | Swamp:1  | Reached skill level 17 in Spellcasting
 55470 | Swamp:2  | Reached skill level 10 in Ice Magic
 55611 | Swamp:2  | Reached ****** piety under Ashenzari
 55622 | Swamp:2  | Learned a level 9 spell: Polar Vortex
 56514 | Swamp:3  | Noticed a tentacled monstrosity
 56519 | Swamp:3  | Killed a tentacled monstrosity
 57298 | Swamp:3  | Reached skill level 18 in Spellcasting
 58924 | Swamp:3  | Reached XP level 18. HP: 162/162 MP: 41/46
 59088 | Swamp:4  | Entered Level 4 of the Swamp
 59113 | Swamp:4  | Noticed a tentacled monstrosity
 59115 | Swamp:4  | Killed a tentacled monstrosity
 59248 | Swamp:4  | Noticed a tentacled monstrosity
 59255 | Swamp:4  | Killed a tentacled monstrosity
 59485 | Swamp:4  | Identified the ring "Reqackir" {+Blink rCorr Dex+3 Stlth-}
 59486 | Swamp:4  | Noticed RepHenryClay's ghost (adept MeGl)
 59487 | Swamp:4  | Found a runed translucent door.
 59671 | Swamp:4  | Got a decaying rune of Zot
 60836 | D:15     | Reached skill level 19 in Spellcasting
 61310 | D:15     | Identified the +0 flail "Demonbane" {flame, rPois}
 61507 | Vaults:1 | Entered Level 1 of the Vaults
 62197 | Vaults:1 | Noticed Asterion
 62205 | Vaults:1 | Killed Asterion
 62824 | Vaults:1 | Reached skill level 15 in Fighting
 62993 | Vaults:1 | Learned a level 4 spell: Passage of Golubria
 63139 | Vaults:1 | Reached XP level 19. HP: 70/172 MP: 12/48
 64387 | Vaults:1 | Noticed Nikola
 64836 | Vaults:1 | Killed Nikola
 65182 | Vaults:2 | Identified the +3 scale mail "Osetsok" {rCorr Str+3}
 65523 | Vaults:2 | Reached skill level 20 in Spellcasting
 68539 | Vaults:3 | Found a staircase to the Crypt.
 68570 | Vaults:3 | Found Canguratu's Antique Weapon Emporium.
 68679 | Vaults:3 | Reached XP level 20. HP: 142/182 MP: 13/50
 68719 | Vaults:3 | Reached skill level 21 in Spellcasting
 69887 | Vaults:4 | Found a crumbling gateway.
 69989 | Desolati | Entered the Desolation of Salt
 70164 | Desolati | Identified the +9 hunting sling "Tyfyxkoy" {flame, rF+
                  | Will+ Dex+2}
 71636 | Desolati | Identified the ring of Lucidity {rElec rPois rC- MP+9}
 71636 | Desolati | Found the +6 lightning scales {swift, rElec}
 71637 | Desolati | Identified the ring "Gaculien" {Fly rN+ Dex+6}
 71637 | Desolati | Identified Sif Muna's Handbook of the Toxic Glacier
 71720 | Desolati | Identified Goilec's Compendium of the Birds and
                  | Transformation
 71729 | Desolati | Identified the +4 flail of Zufiexeq {vorpal, +Blink Str+3
                  | Int+6}
 71760 | Desolati | Identified the amulet "Wolumnuck" {Reflect +Blink rC+ SH+5}
 72673 | Vaults:4 | Killed from afar by an ironbound thunderhulk

Illustrated notes

Levels and vault maps discovered:
D:1:      shiori_arrival_oz, layout_loops_ring,
          shapermc_ecumenical_altar_hornbeckon
D:2:      layout_basic, uniq_jessica
D:3:      layout_loops_ring, minmay_fountain_box
D:4:      layout_basic, grunt_temple_overflow_champion_of_chaos,
          lemuel_tele_altar, lemuel_doored_altar,
          minmay_temple_entry_statues_pillars, gammafunk_ghost_grave,
          minmay_hedge_maze, uniq_grinder, uniq_natasha
D:5:      layout_basic, cheibrodos_ashenzari_chains
D:6:      layout_rooms, nicolae_sif_muna_little_library, serial_shops,
          kennysheep_mini_moat, shop, nicolae_shop_trees,
          ebering_ghost_rock_garden
D:7:      layout_loops_corners, mainiacjoe_overflow_24_doors, serial_shops, shop
D:8:      minmay_weird_star, layout_basic, uniq_erica, uniq_pikel,
          uniq_gastronok
D:9:      layout_basic, elyvilon_altar_5, nicolae_dithmenos_shadow_blocks,
          minmay_lair_entry_grove, serial_shops, nicolae_shop_crystal,
          grunt_ministairs_3
D:10:     layout_layer_cave
D:11:     layout_basic
D:12:     layout_big_octagon, david_orc_2, gauntlet_entry_generic,
          uniq_josephine
D:13:     kennysheep_four_of_diamonds, layout_irregular_city,
          ximxim_vaults_locker_room, serial_shops, nicolae_stop_n_shop_2,
          chequers_jeans
D:14:     layout_basic, serial_shops, shop, shop, nicolae_take_the_stairs
D:15:     gammafunk_enter_depths_forms, layout_irregular_city,
          hangedman_decor_diamond_cutter, minmay_checkered_concentric_circles
Temple:   nicolae_temple_god_jail
Lair:1:   layout_gridlike, beast_lair_carwin_7, uniq_prince_ribbit2, uniq_grum
Lair:2:   layout_long_grid
Lair:3:   layout_gridlike, guppyfry_snake_entry_island,
          gammafunk_ghost_abyssal_escape
Lair:4:   layout_gridlike, minmay_swamp_entry_eels, grunt_megastairs_1,
          uniq_nergalle
Lair:5:   beast_lair_carwin_large_1, layout_cave_pods, nicolae_lair_lindhole,
          uniq_snorg
Lair:6:   minmay_lair_end_frog_pond, layout_gridlike,
          nicolae_slime_entry_slimehenge, minivault_24
Swamp:1:  layout_basic_swamp, evilmike_swamp_ruin_rubble_1,
          wheals_swamp_sinkhole, swamp_pool3, nzn_swamp_blast_mining
Swamp:2:  layout_basic_swamp, hangedman_swamp_ruin_wall
Swamp:3:  cheibrodos_swamp_mausoleum, layout_basic_swamp,
          infiniplex_staircase_pool_2, swamp_pool5
Swamp:4:  swamp_basic_johnstein, layout_basic_swamp, ebering_ghost_inner_flame,
          swamp_pool4
Snake:1:  layout_cave_pods, nicolae_snake_ghostly_warrior_ritual
Snake:2:  layout_honeycomb, gammafunk_ghost_cemetery, st_stairs_1,
          abandoned_shop
Snake:3:  nicolae_snake_nest, layout_misc_corridors, basic_altar,
          minmay_shop_grove, uniq_roxanne, uniq_louise
Snake:4:  hellmonk_snake_rune_quicksilver_temple, layout_layer_cave,
          serial_bayou_lake_a, serial_bayou_shore_b, uniq_aizul,
          uniq_bai_suzhen, uniq_saint_roka
Orc:1:    layout_diamond_mine, basic_altar, minmay_orc_treasury
Orc:2:    st_orc_elflike, layout_caves, basic_altar, lemuel_statue_altar,
          uniq_erolcha
Vaults:1: v_alt_pattern_6, ontoclasm_vaults_tryst, v_misc_22, v_misc_17,
          hangedman_vaults_unwind, v_rooms_1, hangedman_vaults_impose,
          vaults_room_stairs_pillars, st_check, v_misc_12,
          vaults_room_grunt_arrival_ludios, v_rooms_3,
          hangedman_vaults_stretched_pinwheel, vaults_room_semicircle,
          v_misc_13, ontoclasm_vaults_decontamination, layout_vaults_omnibox,
          uniq_nikola, uniq_asterion
Vaults:2: vaults_room_door_hall, vaults_dpeg_ring, hangedman_vaults_variations,
          nicolae_vaults_circle_grid_b, vaults_room_door_hall, serial_ice_m,
          hangedman_vaults_nails, v_rooms_4, v_pattern_1, layout_vaults_big_room
Vaults:3: v_misc_17, v_alt_pattern_5, hangedman_vaults_maws,
          hangedman_vaults_locks, v_pattern_2, hangedman_vaults_snaps,
          ontoclasm_vaults_loading_screen, minmay_crypt_entry_simple_statues,
          ontoclasm_vaults_fault, st_more_cells, v_misc_33, v_misc_17,
          layout_vaults_maze_bifur, serial_shops, shop
Vaults:4: portal_desolation_entry_ruin, vaults_standard_mumra_enter_the_diamond,
          nicolae_vaults_what_the_h, vaults_room_hangedman_quadrants,
          hangedman_vaults_nails, nicolae_vaults_diagonal_hallway_6,
          nicolae_vaults_ninety_degrees, hangedman_vaults_nails,
          vaults_mumra_hex, layout_vaults_omnigrid

Skill      XL: |  1  2  3  4  5  6  7  8  9 10 11 12 13 14 15 16 17 18 19 20 |
---------------+-------------------------------------------------------------+-----
Conjurations   | 1 2 3 4 5 6 7 8 9 10 | 10.3
Fighting       | 1 2 3 5 6 7 8 9 10 11 12 13 15 16 | 16.1
Spellcasting   | 5 6 7 8 9 10 11 12 13 14 15 16 18 19 20 21 | 21.8
Air Magic      | 1 2 3 |  3.6
Poison Magic   | 1 2 4 5 |  5.6
Shields        | 2 4 5 6 7 8 9 10 11 12 13 | 13.7
Ice Magic      | 2 4 5 6 7 9 10 12 13 14 | 14.0
Armour         | 1 3 4 5 |  5.1
Evocations     | 1 2 |  2.0
Dodging        | 3 5 6 |  6.5
Summonings     | 3 4 5 |  5.1
Necromancy     | 2 |  2.9
Translocations | 3 |  3.7
Transmutations | 3 4 |  4.7
Stealth        | |  1.5

Action                   |  1- 3 |  4- 6 |  7- 9 | 10-12 | 13-15 | 16-18 | 19-21 || total
-------------------------+-------+-------+-------+-------+-------+-------+-------++-------
Melee: Dagger            |     5 |       |    73 |   374 |   111 |    51 |    23 ||   637
       Short sword       |    14 |    25 |    88 |       |       |       |       ||   127
       Punch             |       |       |     2 |     5 |     1 |       |       ||     8
Throw: Dart              |       |     1 |     3 |       |       |       |       ||     4
 Cast: Magic Dart        |    82 |   119 |   168 |   379 |   584 |    18 |     7 ||  1357
       Call Imp          |     5 |    34 |    58 |    46 |     3 |       |     1 ||   147
       Mephitic Cloud    |       |    12 |    42 |    84 |    16 |       |     1 ||   155
       Blink             |       |     1 |     4 |     7 |     7 |     3 |     6 ||    28
       Freezing Cloud    |       |       |       |    52 |   304 |   177 |    96 ||   629
       Iskenderun's Myst |       |       |       |    24 |   130 |    56 |    30 ||   240
       Orb of Destructio |       |       |       |       |    43 |   127 |   100 ||   270
       Summon Forest     |       |       |       |       |    21 |    15 |     7 ||    43
       Eringya's Noxious |       |       |       |       |     7 |     3 |     6 ||    16
       Simulacrum        |       |       |       |       |     6 |   166 |   112 ||   284
       Spellforged Servi |       |       |       |       |     5 |    12 |     1 ||    18
Invok: Curse Item        |       |       |     1 |     6 |     5 |     2 |       ||    14
       Shatter the Chain |       |       |       |     1 |     2 |     1 |     1 ||     5
 Abil: Evoke Blink       |       |       |       |       |       |       |     1 ||     1
Evoke: Wand              |       |       |     1 |     3 |     4 |     1 |     1 ||    10
       Lightning rod     |       |       |       |       |       |     3 |     8 ||    11
       Condenser vane    |       |       |       |       |       |     1 |     1 ||     2
       Phial of floods   |       |       |       |       |       |       |     2 ||     2
  Use: Scroll            |       |       |    13 |     1 |     3 |     5 |     5 ||    27
 Stab: Confused          |       |     2 |    13 |    52 |     2 |       |       ||    69
       Sleeping          |       |       |     1 |     1 |       |     1 |     1 ||     4
Armor: Robe              |     8 |     7 |    66 |   106 |    43 |    30 |    13 ||   273
Dodge: Dodged            |    25 |    42 |   123 |   286 |   230 |   131 |    62 ||   899
Block: Other             |       |    22 |    54 |    54 |    19 |    16 |       ||   165
       Reflection        |       |       |     2 |     2 |    19 |    36 |    47 ||   106
       Buckler           |       |       |       |   157 |   109 |       |       ||   266
       Kite shield       |       |       |       |       |     7 |   129 |   154 ||   290

Table legend: (Time is in decaauts)
 A = Elapsed time spent in this place.
 B = Non-inter-level travel time spent in this place.
 C = Inter-level travel time spent in this place.
 D = Time resting spent in this place.
 E = Time spent auto-exploring this place.
 F = Levels seen in this place.
 G = Mean time per level.
                   A        B        C        D        E       F      G
               +--------+--------+--------+--------+--------+-----+--------+
         Total |  73244 |  68067 |   5177 |  27938 |  23031 |  38 | 1927.5 |
       Dungeon |  29818 |  27013 |   2805 |  10654 |  10349 |  15 | 1987.9 |
        Temple |     47 |     47 |      0 |      0 |     24 |   1 |   47.0 |
          Lair |  11532 |  10481 |   1051 |   4218 |   4131 |   6 | 1922.0 |
         Swamp |   6626 |   6393 |    233 |   2584 |   2372 |   4 | 1656.5 |
     Snake Pit |   8380 |   7963 |    417 |   3373 |   2529 |   4 | 2095.0 |
  Orcish Mines |   5023 |   4639 |    384 |   2314 |   1053 |   2 | 2511.5 |
        Vaults |   8301 |   8017 |    284 |   3000 |   2211 |   4 | 2075.2 |
    Desolation |   2576 |   2576 |      0 |   1343 |    211 |   1 | 2576.0 |
      Gauntlet |    936 |    936 |      0 |    452 |    149 |   1 |  936.0 |
               +--------+--------+--------+--------+--------+-----+--------+

Top non-repeatable levels by time:
     D:9: 4928 daAuts
Vaults:1: 4032 daAuts
    D:13: 3202 daAuts
 Swamp:3: 3061 daAuts
 Snake:4: 2782 daAuts
     D:7: 2665 daAuts
  Lair:5: 2614 daAuts
   Orc:1: 2597 daAuts
Desolation: 2576 daAuts
     D:4: 2450 daAuts
   Orc:2: 2425 daAuts
 Snake:2: 2348 daAuts
Vaults:2: 2342 daAuts
  Lair:6: 2177 daAuts
     D:5: 2125 daAuts
